 Dungeon Crawl Stone Soup version 0.23-a0-641-g0a7f1ce553 (webtiles) character file.

284 HereIgoKillingAgain the Ruffian (level 6, -2/51 HPs)
             Began as a Draconian Transmuter on Dec 30, 2018.
             Slain by an orc
             ... wielding a +0 trident
              (4 damage)
             ... on level 3 of the Dungeon.
             The game lasted 00:03:04 (2521 turns).

HereIgoKillingAgain the Ruffian (DrTm)              Turns: 2521, Time: 00:03:05

Health: -2/51      AC:  6    Str: 14    XL:     6   Next: 7%
Magic:  6/9        EV: 12    Int: 14    God:
Gold:   153        SH:  0    Dex: 16    Spells: 6/9 levels left

rFire    + . .     SeeInvis .     - Unarmed
rCold    . . .     Gourm    .   (no shield)
rNeg     . . .     Faith    .   (armour unavailable)
rPois    .         Spirit   .   (helmet restricted)
rElec    .         Reflect  .   (no cloak)
rCorr    .         Harm     .   (no gloves)
MR       .....                  (boots currently unavailable)
Stlth    +.........             (no amulet)
HPRegen  0.17/turn              b - +5 ring of dexterity
MPRegen  0.11/turn              (no ring)

@: lethally poisoned (-2 -> -5), appendage
A: unfitting armour, talons 3, blink, deterioration 1, fire resistance 1, robust
1, cold-blooded, AC +6
a: End Transformation, Blink


You were on level 3 of the Dungeon.
You were not hungry.
You had grown temporary talons.
You visited 1 branch of the dungeon, and saw 4 of its levels.

You collected 153 gold pieces.

Inventory:

Missiles
 a - 58 arrows
Jewellery
 b - a +5 ring of dexterity (left hand)
Scrolls
 d - 4 scrolls of identify {unknown}
 e - 3 scrolls of remove curse
 f - a scroll of enchant weapon {unknown}
 g - a scroll of enchant armour {unknown}
 h - a scroll of immolation {unknown}
 i - a scroll of fog {unknown}
Comestibles
 c - 5 rations


   Skills:
 - Level 1.1 Fighting
 - Level 1.7 Dodging
 * Level 5.8 Unarmed Combat
 - Level 2.0 Spellcasting
 + Level 4.0 Transmutations


You had 6 spell levels left.
You knew the following spells:

 Your Spells              Type           Power        Failure   Level  Hunger
a - Beastly Appendage     Tmut           ##....       4%          1    ##.....
b - Sticks to Snakes      Tmut           ##......     7%          2    ###....

Your spell library contained the following spells:

 Spells                   Type           Power        Failure   Level  Hunger
 Spider Form              Tmut/Pois      #.........   30%         3    ####...
 Ice Form                 Ice/Tmut       #.......     71%         4    #####..
 Blade Hands              Tmut           ##........   77%         5    ######.


Dungeon Overview and Level Annotations

Branches:
Dungeon (4/15)
 Temple: D:4-7

Altars:
Fedhas


Innate Abilities, Weirdness & Mutations

Your plain brown scales are hard. (AC +6)
You cannot fit into any form of body armour.
You are cold-blooded and may be slowed by cold attacks.
You have claws for feet.
You can translocate small distances at will.
Your body sometimes deteriorates upon taking damage.
Your flesh is heat resistant. (rF+)
You are robust. (+10% HP)


Message History

The adder bites you.
* * * LOW HITPOINT WARNING * * *
The orc hits you from afar with a +0 trident.
* * * LOW HITPOINT WARNING * * *
The adder closely misses you.
As you read the scroll labeled DODEAVV WIECW, it crumbles to dust.
You feel blessed for a moment.
It was a scroll of remove curse.
The orc barely misses you. The adder bites you.
* * * LOW HITPOINT WARNING * * *
You are lethally poisoned!
The adder poisons you!
You aren't carrying any potions.
Okay, then.
You open the door.
A gnoll comes into view. It is wielding a +0 spear.
* * * LOW HITPOINT WARNING * * *
You feel sick.
The gnoll shouts!
The orc hits you from afar with a +0 trident.
You die...

<..........(.##
.......#......#######
.......+.....>#......
#.....##.....#......
.................... ##.
#.##..#'##.........!
....#...................
#...###o......)......?
#...'@So..............
#...###o..............
..... .....###.........
.... .....# #.........
... ......# #.........
g. #...#.. #......... .
#............#..?#
...... #.#


You could see an orc wizard, a gnoll, an adder and 2 orcs.

Vanquished Creatures
  A scorpion (D:4)
  A crimson imp (D:2)
  2 orc priests (D:4)
  2 worker ants (D:4)
  3 adders (D:2)
  An adder skeleton (D:4)
  A worm (D:2)
  2 dart slugs
  2 leopard geckos
  7 orcs
  7 hobgoblins
  2 jackals (D:2)
  5 kobolds
  3 quokkas
  3 bats
  6 frilled lizards
  5 goblins
  8 rats
61 creatures vanquished.

Vanquished Creatures (others)
  A bat (D:3)
1 creature vanquished.

Grand Total: 62 creatures vanquished

Notes
Turn   | Place    | Note
-------+----------+-------------------------------------------
     0 | D:1      | HereIgoKillingAgain the Draconian Transmuter began the
                  | quest for the Orb.
     0 | D:1      | Reached XP level 1. HP: 16/16 MP: 3/3
   157 | D:1      | Reached XP level 2. HP: 22/23 MP: 3/5
   955 | D:2      | Learned a level 2 spell: Sticks to Snakes
  1027 | D:2      | Reached skill level 4 in Unarmed Combat
  1027 | D:2      | Reached XP level 3. HP: 24/28 MP: 6/6
  1071 | D:2      | Reached XP level 4. HP: 13/35 MP: 7/7
  1685 | D:3      | Found a blossoming altar of Fedhas.
  1728 | D:4      | Reached skill level 5 in Unarmed Combat
  1728 | D:4      | Reached XP level 5. HP: 40/40 MP: 8/8
  2300 | D:4      | Reached XP level 6. HP: 25/47 MP: 9/9
  2519 | D:3      | Gained mutation: Your body sometimes deteriorates upon
                  | taking damage. [potion of mutation]
  2519 | D:3      | Gained mutation: Your flesh is heat resistant. (rF+)
                  | [potion of mutation]
  2519 | D:3      | Gained mutation: You are robust. (+10% HP) [potion of
                  | mutation]
  2519 | D:3      | Gained mutation: You can translocate small distances at
                  | will. [potion of mutation]
  2521 | D:3      | HP: 2/51 [poisoned by an adder]
  2521 | D:3      | Slain by an orc

Vault maps used:
D:1:      psy_arrival_spokes
D:2:      first_ration, minivault_26
D:3:      grunt_temple_overflow_forces_of_nature,
          nicolae_ru_great_annihilating_truth

Skill      XL: |  1  2  3  4  5  6 |
---------------+-------------------+-----
Unarmed Combat | 4 5 |  5.8
Transmutations | 3 4 |  4.0
Fighting       | |  1.1
Dodging        | |  1.7
Spellcasting   | |  2.0

Action                   |  1- 3 |  4- 6 || total
-------------------------+-------+-------++-------
Melee: Unarmed           |    96 |    75 ||   171
       Kick              |     9 |     9 ||    18
       Tailslap          |     8 |    16 ||    24
       Punch             |     3 |     2 ||     5
       Headbutt          |     1 |    11 ||    12
 Cast: Beastly Appendage |    12 |    16 ||    28
       Sticks to Snakes  |       |     5 ||     5
  Use: Potion            |       |     3 ||     3
       Scroll            |       |     1 ||     1
 Stab: Sleeping          |     1 |     1 ||     2
  Eat: Chunk             |       |     3 ||     3
       Ration            |       |     1 ||     1
Armor: Skin              |    23 |    24 ||    47
Dodge: Dodged            |    51 |    63 ||   114

Table legend:
 A = Non-vault XP
 B = Vault XP
 C = Vault XP percentage of total XP
 D = Non-vault monster count
 E = Vault monster count
 F = Vault count percentage of total count
                 A         B        C        D         E       F
            +---------+---------+-------+---------+---------+-------
      Total |     407 |       0 |   0.0 |      61 |       0 |   0.0
            +---------+---------+-------+---------+---------+-------
        D:1 |      32 |       0 |   0.0 |      22 |       0 |   0.0
        D:2 |     125 |       0 |   0.0 |      21 |       0 |   0.0
        D:3 |      21 |       0 |   0.0 |       9 |       0 |   0.0
        D:4 |     229 |       0 |   0.0 |       9 |       0 |   0.0
            +---------+---------+-------+---------+---------+-------
